 Dungeon Crawl Stone Soup version 0.22.0 (webtiles) character file.

91 lukekx100 the Poker (level 4, -4/39 HPs)
             Began as a Hill Orc Fighter on Aug 10, 2018.
             Killed by divine providence
             ... invoked by an orc priest
              (13 damage)
             ... on level 3 of the Dungeon.
             The game lasted 00:05:06 (1812 turns).

lukekx100 the Poker (Hill Orc Fighter)              Turns: 1812, Time: 00:05:07

Health: -4/39      AC:  9    Str: 18    XL:     4   Next: 57%
Magic:  4/4        EV:  7    Int:  8    God:
Gold:   111        SH:  9    Dex: 11    Spells: 3/3 levels left

rFire    . . .     SeeInvis .   a - +0 trident
rCold    . . .     Gourm    .   c - +0 shield
rNeg     . . .     Faith    .   b - +0 scale mail
rPois    .         Spirit   .   (no helmet)
rElec    .         Reflect  .   (no cloak)
rCorr    .         Harm     .   (no gloves)
MR       .....                  p - +1 pair of boots
Stlth    ..........             (no amulet)
HPRegen  0.13/turn              (no ring)
MPRegen  0.09/turn              (no ring)

@: no status effects
A: no striking features
a: Convert to Beogh


You were on level 3 of the Dungeon.
You were not hungry.

You visited 1 branch of the dungeon, and saw 3 of its levels.

You collected 111 gold pieces.

Inventory:

Hand Weapons
 a - a +0 trident (weapon)
Armour
 b - a +0 scale mail (worn)
 c - a +0 shield (worn)
 p - a +1 pair of boots (worn)
Jewellery
 l - an uncursed amulet of regeneration {unknown}
Scrolls
 e - a scroll of enchant weapon {unknown}
 h - 2 scrolls of magic mapping {unknown}
 i - a scroll of fog {unknown}
 j - 2 scrolls of teleportation {unknown}
 n - a scroll of identify {unknown}
 o - a scroll of random uselessness {unknown}
Potions
 d - a potion of might
 g - a potion of ambrosia {unknown}
 k - a potion of heal wounds {unknown}
 m - a potion of brilliance {unknown}
Comestibles
 f - a ration


   Skills:
 + Level 3.6 Fighting
 * Level 4.1 Polearms
 + Level 3.8 Armour
 + Level 4.0 Shields


You had 3 spell levels left.
You didn't know any spells.
Your spell library was empty.

Dungeon Overview and Level Annotations

Branches:
Dungeon (3/15)

Altars:
Fedhas
Kikubaaqudgha
Nemelex Xobeh
Xom


Message History

The jackal bites you but does no damage.
The orc hits you but does no damage. You block the orc's attack.
The orc hits you but does no damage. The orc priest barely misses you.
You block the jackal's attack.
You hit the orc priest.
The orc priest is lightly wounded.
The orc barely misses you. You block the jackal's attack.
The orc hits you from afar with a trident.
The orc barely misses you. You block the orc priest's attack.
The orc hits you with a dagger of flaming.
The orc burns you. You block the jackal's attack.
The orc priest hits you with a falchion.
* * * LOW HITPOINT WARNING * * *
The jackal bites you.
* * * LOW HITPOINT WARNING * * *
The orc completely misses you.
The orc priest invokes the aid of Beogh against you.
Beogh smites you!
You die...

.......(# ........####
#....#
...........######....#
................+....+
##.#####...######....####
##.....'...# #........
#...####...# #........
....####.########........
....+...........@ho......
....####....#####oo......
#...# #####.# #o†......
#...# #.....# #...$....
#...# #.##### #........
#...# #.# #####....
#...###.# ###.
.....##'############
...................#


You could see an orc priest, 3 orcs and a jackal.

Vanquished Creatures
  2 adders
  An ooze (D:3)
  A worm (D:2)
  A dart slug (D:1)
  2 leopard geckos (D:3)
  10 orcs (D:3)
  3 giant cockroaches
  7 goblins
  6 hobgoblins
  A jackal (D:3)
  5 kobolds
  A quokka (D:2)
  4 bats
  2 frilled lizards
  2 rats (D:1)
48 creatures vanquished.

Notes
Turn   | Place    | Note
-------+----------+-------------------------------------------
     0 | D:1      | lukekx100 the Hill Orc Fighter began the quest for the Orb.
     0 | D:1      | Reached XP level 1. HP: 19/19 MP: 1/1
    74 | D:1      | Reached XP level 2. HP: 17/26 MP: 2/2
   859 | D:2      | Reached XP level 3. HP: 29/31 MP: 3/3
  1255 | D:2      | Found a sparkling altar of Nemelex Xobeh.
  1262 | D:2      | Found a blossoming altar of Fedhas.
  1264 | D:2      | Found a shimmering altar of Xom.
  1265 | D:2      | Found an ancient bone altar of Kikubaaqudgha.
  1469 | D:3      | Reached XP level 4. HP: 39/39 MP: 4/4
  1812 | D:3      | Killed from afar by an orc priest

Skill      XL: |  1  2  3  4 |
---------------+-------------+-----
Polearms       | 3 4 |  4.1
Shields        | 4 |  4.0
Fighting       | |  3.6
Armour         | |  3.8

Action                   |  1- 3 |  4- 6 || total
-------------------------+-------+-------++-------
Melee: Trident           |   132 |    50 ||   182
  Eat: Ration            |     1 |       ||     1
Armor: Scale mail        |    57 |    50 ||   107
Dodge: Dodged            |    34 |    34 ||    68
Block: Shield            |    58 |    48 ||   106
